 Dungeon Crawl Stone Soup version 0.29-a0-802-g34511f41fd (webtiles) character file.

Game seed: 5282778323989615368

175 buhh the Trooper (level 5, -8/37 HPs)
             Began as an Octopode Transmuter on July 3, 2022.
             Killed from afar by an orc wizard (11 damage)
             ... with a puff of flame
             ... on level 3 of the Dungeon.
             The game lasted 00:04:23 (3729 turns).

buhh the Trooper (Octopode Transmuter)              Turns: 3729, Time: 00:04:24

Health: -8/37      AC:  1    Str:  9    XL:     5   Next: 55%
Magic:  8/8        EV: 13    Int: 17    God:
Gold:   134        SH:  0    Dex: 13    Spells: 7/8 levels left

rFire   . . .      SeeInvis .     - Unarmed
rCold   . . .      Faith    .   (no shield)
rNeg    . . .      Spirit   .   (helmet currently unavailable)
rPois   .          Reflect  .   (no amulet)
rElec   .          Harm     .   (no ring)
rCorr   .          Rampage  .   (no ring)
Will    .....                   (no ring)
Stlth   +++.......              (no ring)
HPRegen 0.12/turn               (no ring)
MPRegen 0.11/turn               (no ring)
                                (no ring)
                                (no ring)

@: about to teleport, appendages (expiring)
A: tentacle spike 3, almost no armour, amphibious, 8 rings, camouflage 1,
gelatinous body 1, (nimble swimmer 1), tentacles
a: End Transformation


You were on level 3 of the Dungeon.
One of your tentacles had grown a beastly spike.
You visited 1 branch of the dungeon, and saw 3 of its levels.

You collected 134 gold pieces.

Inventory:

Missiles
 e - 11 poisoned darts
Jewellery
 h - a ring of flight
Scrolls
 a - a scroll of enchant weapon {unknown}
 f - 2 scrolls of immolation {unknown}
 g - 2 scrolls of identify {unknown}
Potions
 b - a potion of curing {unknown}
 c - 3 potions of heal wounds {unknown}
 d - a potion of ambrosia {unknown}
 j - a potion of magic {unknown}


   Skills:
 * Level 4.2 Fighting
 - Level 2.0 Dodging
 - Level 2.0 Stealth
 - Level 4.0 Unarmed Combat
 - Level 2.0 Spellcasting
 - Level 2.0 Transmutations


You had 7 spell levels left.
You knew the following spells:

 Your Spells              Type           Power      Damage    Failure   Level
a - Beastly Appendage     Tmut           16%        N/A       9%          1

Your spell library contained the following spells:

 Spells                   Type           Power      Damage    Failure   Level
 Wereblood                Tmut           8%         N/A       13%         2
 Spider Form              Tmut/Pois      5%         N/A       36%         3
 Ice Form                 Ice/Tmut       5%         N/A       77%         4


Dungeon Overview and Level Annotations

Branches:
Dungeon (3/15) Zot: 14270

Altars:

Annotations:
D:3 1 runed translucent door, Crazy Yiuf


Innate Abilities, Weirdness & Mutations

One of your tentacles has grown a beastly spike.
You cannot wear most types of armour.
You are amphibious.
You can wear up to eight rings at the same time.
Your skin changes colour to match your surroundings (Stealth+).
Your rubbery body absorbs attacks. (AC +1, EV +1)
((You are camouflaged when in or above water. (Stealth+)))
You have tentacles for arms and can constrict up to eight enemies at once.


Message History

You miss something.
Your tentacle spike misses something.
Your squeeze misses something. Something barely misses you.
You miss something.
You hear some strange, mumbled words.
A puff of flame appears from out of thin air!
The puff of flame misses you.
You closely miss something.
Your tentacle-slap misses something.
Something hits you.
You barely miss something.
You hear some strange, mumbled words.
A puff of flame appears from out of thin air!
The puff of flame hits you.
You miss something. You barely miss the orc. Your grab misses the orc.
You hear some strange, mumbled words.
Something tries to affect you, but you resist.
The orc hits you with a +0 mace.
You tentacle-slap the orc but do no damage.
Your grab misses the orc. You tentacle-slap the orc.
The orc is heavily wounded.
You hear some strange, mumbled words.
A magic dart appears from out of thin air!
The magic dart hits you!
* * * LOW HITPOINT WARNING * * *
The orc hits you with a +0 mace.
* * * LOW HITPOINT WARNING * * *
As you read the scroll of teleportation {!d}, it crumbles to dust.
You feel strangely unstable.
Your transformation is almost over.
Something hits you.
* * * LOW HITPOINT WARNING * * *
The orc closely misses you.
You hear some strange, mumbled words.
Something tries to affect you, but you resist.
Something hits you.
* * * LOW HITPOINT WARNING * * *
You hear some strange, mumbled words.
A puff of flame appears from out of thin air!
The puff of flame hits you!
You die...

#.........# #.*#.#..#
###)############* #.##.#..#
.##.#*,,,,,.....* *....#..#######
....#*,,,,,,....#####..#.........
.####*,,,,,,,..........##.####.##
.# *,,,,,,,,..#####.#...#....# ##
*********#.# #...#.###.####
###############.###.###.# #.#
#...............@##.###.# #.#
.................##.....# #.#
...............{o#####..# #.#
.............##.## #..# #.#
)........>...##.# #Jo# #.#
####.........##.######).# #.#
#######.#........##?.# #.#
#.#.......o##..# #.#
#.#........o...###.#


You could see an orc.

Vanquished Creatures
  An orc priest (D:3)
  Natasha (twice) (D:3)
  3 adders (D:3)
  2 dart slugs (D:2)
  2 orcs (D:3)
  5 endoplasms
  A giant cockroach (D:2)
  4 goblins
  8 hobgoblins
  4 jackals (D:2)
  4 quokkas
  4 ball pythons (D:1)
  3 bats
  5 frilled lizards
  6 kobolds
  5 rats
  A spectral goblin (D:1)
60 creatures vanquished.

Notes
Turn   | Place    | Note
-------+----------+-------------------------------------------
     0 | D:1      | buhh the Octopode Transmuter began the quest for the Orb.
     0 | D:1      | Reached XP level 1. HP: 13/13 MP: 3/3
   245 | D:1      | Reached XP level 2. HP: 18/18 MP: 3/5
   374 | D:1      | Found a faded altar of an unknown god.
  1410 | D:2      | Reached XP level 3. HP: 20/24 MP: 4/6
  2158 | D:3      | Reached XP level 4. HP: 18/30 MP: 7/7
  2501 | D:3      | Noticed Natasha
  2841 | D:3      | Killed Natasha
  2852 | D:3      | Noticed Natasha
  2857 | D:3      | Killed Natasha
  2858 | D:3      | Reached XP level 5. HP: 14/37 MP: 5/8
  3619 | D:3      | Found a runed translucent door.
  3620 | D:3      | Noticed Crazy Yiuf
  3729 | D:3      | Killed from afar by an orc wizard

Illustrated notes

Levels and vault maps discovered:
D:1:      roderic_chinese_lattice_arrival, layout_rooms,
          dreamdust_ecumenical_altar_drowned_temple,
          minmay_misc_feat_secret_circle, serial_bayou_pond_a
D:2:      layout_basic, amcnicky_mini_pool_small, amcnicky_mini_corridor_feature
D:3:      mumra_celtic_spiral_tile, layout_basic, uniq_crazy_yiuf_cottage,
          uniq_natasha

Skill      XL: |  1  2  3  4  5 |
---------------+----------------+-----
Stealth        | 1 2 |  2.0
Fighting       | 2 3 4 |  4.2
Unarmed Combat | 4 |  4.0
Dodging        | |  2.0
Spellcasting   | |  2.0
Transmutations | |  2.0

Action                   |  1- 3 |  4- 6 || total
-------------------------+-------+-------++-------
Melee: Unarmed           |    92 |    54 ||   146
       Kick              |    28 |    11 ||    39
       Constrict         |    22 |    10 ||    32
       Tentacles         |    11 |    10 ||    21
       Punch             |     3 |     3 ||     6
 Cast: Beastly Appendage |    25 |    15 ||    40
  Use: Scroll            |     1 |     3 ||     4
       Potion            |     1 |       ||     1
 Stab: Sleeping          |     5 |     3 ||     8
Armor: Skin              |    16 |     3 ||    19
Dodge: Dodged            |    41 |    25 ||    66

Table legend: (Time is in decaauts)
 A = Elapsed time spent in this place.
 B = Non-inter-level travel time spent in this place.
 C = Inter-level travel time spent in this place.
 D = Time resting spent in this place.
 E = Time spent auto-exploring this place.
 F = Levels seen in this place.
 G = Mean time per level.
                   A        B        C        D        E       F      G
               +--------+--------+--------+--------+--------+-----+--------+
         Total |   3728 |   3665 |     63 |   1252 |   2022 |   3 | 1242.7 |
       Dungeon |   3728 |   3665 |     63 |   1252 |   2022 |   3 | 1242.7 |
               +--------+--------+--------+--------+--------+-----+--------+

Top non-repeatable levels by time:
     D:3: 1667 daAuts
     D:2: 1072 daAuts
     D:1: 989 daAuts
